 Dungeon Crawl Stone Soup version 0.30-a0-390-g80c34de65d (webtiles) character file.

Game seed: 10980960486070092616

52 arthad the Chopper (level 3, -3/28 HPs)
             Began as a Gnoll Wanderer on Dec 4, 2022.
             Engulfed by a cloud of flame (13 damage)
             ... on level 2 of the Dungeon.
             The game lasted 00:03:02 (1472 turns).

arthad the Chopper (Gnoll Wanderer)                 Turns: 1472, Time: 00:03:02

Health: -3/28      AC: 11    Str: 14    XL:     3   Next: 85%
Magic:  9/9        EV: 10    Int: 10    God:
Gold:   124        SH:  0    Dex: 11    Spells: 11/12 levels left

rFire   . . .      SeeInvis +    a - +2 hand axe
rCold   . . .      Faith    .    (no shield)
rNeg    . . .      Spirit   .    s - +3 ring mail
rPois   .          Reflect  .    (no helmet)
rElec   .          Harm     .    (no cloak)
rCorr   .          Rampage  .    (no gloves)
Will    .....                    e - +2 pair of boots
Stlth   +.........               (no amulet)
HPRegen 0.24/turn                f - ring of see invisible
MPRegen 0.11/turn                (no ring)

@: no status effects
A: fangs 1, strong nose, distributed training
a: no special abilities


You were on level 2 of the Dungeon.
You visited 1 branch of the dungeon, and saw 2 of its levels.

You collected 124 gold pieces.

Inventory:

Hand Weapons
 a - a +2 hand axe (weapon)
 m - a +0 short sword of venom
Missiles
 o - 2 poisoned darts
Armour
 d - a +0 leather armour
 e - a +2 pair of boots (worn)
 s - a +3 ring mail (worn)
 t - the +0 robe "Mouddenul" {*Corrode rN+ Int+4}
   (You found it on level 2 of the Dungeon)

   Int:       It affects your intelligence (+4).
   rN:        It protects you from negative energy.
   *Corrode:  It may corrode you when you take damage.
 u - a +0 buckler
Jewellery
 f - a ring of see invisible (left hand)
Scrolls
 h - a scroll of amnesia {unknown}
 i - a scroll of enchant weapon {unknown}
 j - a scroll of identify {unknown}
 q - 2 scrolls of teleportation {unknown}
Potions
 c - 3 potions of curing
 g - a potion of lignification {unknown}
 k - a potion of cancellation {unknown}
 l - a potion of heal wounds {unknown}
 n - 2 potions of might {unknown}
 p - a potion of degeneration {unknown}
 r - a potion of attraction {unknown}
Miscellaneous
 b - a piece from Xom's chessboard (15/15)


   Skills:
 + Level 2.7 Fighting
 + Level 1.0 Short Blades
 + Level 1.0 Long Blades
 + Level 6.5 Axes
 + Level 1.0 Maces & Flails
 + Level 1.0 Polearms
 + Level 1.0 Staves
 + Level 1.0 Ranged Weapons
 + Level 1.0 Throwing
 + Level 1.0 Armour
 + Level 1.0 Dodging
 + Level 1.0 Stealth
 + Level 1.0 Shields
 + Level 1.0 Unarmed Combat
 + Level 5.0 Spellcasting
 + Level 0.7 Conjurations
 + Level 0.7 Hexes
 + Level 0.7 Summonings
 + Level 0.7 Necromancy
 + Level 0.7 Translocations
 + Level 0.7 Transmutations
 + Level 0.7 Fire Magic
 + Level 0.7 Ice Magic
 + Level 2.2 Air Magic
 + Level 0.7 Earth Magic
 + Level 0.7 Poison Magic
 + Level 2.7 Invocations
 + Level 4.6 Evocations


You had 11 spell levels left.
You knew the following spells:

 Your Spells              Type           Power      Damage    Failure   Level
a - Shock                 Conj/Air       20%        1d4       26%         1

Your spell library contained the following spells:

 Spells                   Type           Power      Damage    Failure   Level
 Sandblast                Erth           8%         2d5       34%         1
 Ensorcelled Hibernation  Hex/Ice        8%         N/A       45%         2
 Passwall                 Tmut/Erth      3%         N/A       45%         2
 Swiftness                Air            6%         N/A       50%         3
 Stone Arrow              Conj/Erth      8%         3d7       71%         3
 Fireball                 Conj/Fire      2%         3d4       100%        5
 Iskenderun's Battlesphe  Conj           4%         2d6       100%        5
 Conjure Ball Lightning   Conj/Air       2%         3x3d6     100%        6
 Orb of Destruction       Conj           2%         9d5       100%        7


Dungeon Overview and Level Annotations

Branches:
Dungeon (2/15)

Altars:

Shops:
D:1 ::


Innate Abilities, Weirdness & Mutations

You have very sharp teeth.
Your uncanny sense of smell can sniff out nearby items.
Your experience applies equally to all skills.


Message History

You start putting on your armour.
You continue putting on your +3 ring mail. x5
You finish putting on your +3 ring mail.
A worm comes into view.
A worm is nearby!
A worm is nearby!
You hit the worm.
The worm is lightly wounded.
The worm bites you but does no damage.
You hit the worm.
The worm is lightly wounded.
You barely miss the worm.
The worm is lightly wounded.
The worm barely misses you.
You barely miss the worm. Your punch misses the worm. You hit the worm.
The worm is moderately wounded.
The worm bites you.
You hit the worm.
The worm is moderately wounded.
You slash the worm! You bite the worm, but do no damage.
The worm is severely wounded.
The worm bites you.
You hit the worm.
You kill the worm!
No target in view!
There is a stone staircase leading down here.
t - the +0 robe "Mouddenul" {*Corrode rN+ Int+4}
Found a buckler.
You see here a +0 buckler.
You see here a +0 buckler.
u - a +0 buckler Cleave: a) +2 hand axe
Press: ? - help, Dir - move target, f - you
Okay, then.
Really walk into a travel-excluded area?
You are engulfed in blazing flames.
Ouch! That really hurt!
You are engulfed in blazing flames.
You die...

########## ##........#
#...#####.## #☼§☼# #..# #○§§#
##.# #§§@# #.#
#####...######.#
##...§.$$$..§☼.#.#
#...§☼.$.$.§○....#
#...§§.$!..§§§...#
#####.#####...######.########
#.....# #..§# ##........##
####.....# #.§§# #..######...
.........# #○○§# #.#..#.....#


There were no monsters in sight!

Vanquished Creatures
  An adder (D:2)
  A worm (D:2)
  A dart slug (D:2)
  4 ball pythons
  7 endoplasms
  3 giant cockroaches
  2 goblins
  3 hobgoblins (D:1)
  2 kobolds (D:1)
  A quokka (D:2)
  5 bats
  4 rats (D:1)
34 creatures vanquished.

Notes
Turn   | Place    | Note
-------+----------+-------------------------------------------
     0 | D:1      | arthad the Gnoll Wanderer began the quest for the Orb.
     0 | D:1      | arthad set off with the following items: a +2 hand axe, a
                  | piece from Xom's chessboard (15/15), a potion of curing, a
                  | +0 leather armour; and the following spell memorised:
                  | Shock; and the following spells available to memorise:
                  | Swiftness.
     0 | D:1      | Reached XP level 1. HP: 17/17 MP: 6/6
   116 | D:1      | Reached XP level 2. HP: 19/23 MP: 7/7
   478 | D:1      | Reached skill level 5 in Spellcasting
   478 | D:1      | Reached XP level 3. HP: 26/28 MP: 7/9
   644 | D:1      | Found Xugg's Book Emporium.
   647 | D:1      | Found Zunuit's Book Shop.
  1203 | D:2      | Reached skill level 1 in Short Blades
  1203 | D:2      | Reached skill level 1 in Long Blades
  1203 | D:2      | Reached skill level 1 in Maces & Flails
  1203 | D:2      | Reached skill level 1 in Polearms
  1203 | D:2      | Reached skill level 1 in Staves
  1203 | D:2      | Reached skill level 1 in Ranged Weapons
  1203 | D:2      | Reached skill level 1 in Throwing
  1203 | D:2      | Reached skill level 1 in Armour
  1203 | D:2      | Reached skill level 1 in Dodging
  1203 | D:2      | Reached skill level 1 in Stealth
  1203 | D:2      | Reached skill level 1 in Shields
  1203 | D:2      | Reached skill level 1 in Unarmed Combat
  1442 | D:2      | Identified the +0 robe "Mouddenul" {*Corrode rN+ Int+4}
  1472 | D:2      | Engulfed by a cloud of flame

Illustrated notes

Levels and vault maps discovered:
D:1:      roderic_octagonal_star, layout_loops_ring, serial_shops, shop, shop,
          minmay_misc_feat_cross, roderic_serpentine_path, minmay_hexomino_u4
D:2:      layout_rooms, lemuel_flame_loot_1

Skill      XL: |  1  2  3 |
---------------+----------+-----
Air Magic      | 2 |  2.2
Spellcasting   | 5 |  5.0
Short Blades   | 1 |  1.0
Long Blades    | 1 |  1.0
Maces & Flails | 1 |  1.0
Polearms       | 1 |  1.0
Staves         | 1 |  1.0
Ranged Weapons | 1 |  1.0
Throwing       | 1 |  1.0
Armour         | 1 |  1.0
Dodging        | 1 |  1.0
Stealth        | 1 |  1.0
Shields        | 1 |  1.0
Unarmed Combat | 1 |  1.0
Fighting       | |  2.7
Axes           | |  6.5
Conjurations   | |  0.7
Hexes          | |  0.7
Summonings     | |  0.7
Necromancy     | |  0.7
Translocations | |  0.7
Transmutations | |  0.7
Fire Magic     | |  0.7
Ice Magic      | |  0.7
Earth Magic    | |  0.7
Poison Magic   | |  0.7
Invocations    | |  2.7
Evocations     | |  4.6

Action                   || total
-------------------------++-------
Melee: Hand axe          ||    98
       Bite              ||     1
Armor: Leather armour    ||    32
       Ring mail         ||     1
Dodge: Dodged            ||    41

Table legend: (Time is in decaauts)
 A = Elapsed time spent in this place.
 B = Non-inter-level travel time spent in this place.
 C = Inter-level travel time spent in this place.
 D = Time resting spent in this place.
 E = Time spent auto-exploring this place.
 F = Levels seen in this place.
 G = Mean time per level.
                   A        B        C        D        E       F      G
               +--------+--------+--------+--------+--------+-----+--------+
         Total |   1469 |   1432 |     37 |      0 |   1163 |   2 |  734.5 |
       Dungeon |   1469 |   1432 |     37 |      0 |   1163 |   2 |  734.5 |
               +--------+--------+--------+--------+--------+-----+--------+

Top non-repeatable levels by time:
     D:1: 988 daAuts
     D:2: 480 daAuts
